 Dungeon Crawl Stone Soup version 0.29-a0-334-gb41bcbb86e (webtiles) character file.

Game seed: 4461556769862447731

21 stormannn the Gusty (level 2, -2/15 HPs)
             Began as a Deep Elf Air Elementalist on Apr 14, 2022.
             Slain by Natasha (5 damage)
             ... on level 2 of the Dungeon.
             The game lasted 00:03:22 (1209 turns).

stormannn the Gusty (Deep Elf Air Elementalist)     Turns: 1209, Time: 00:03:23

Health: -2/15      AC:  3    Str:  5    XL:     2   Next: 62%
Magic:  2/8        EV: 13    Int: 19    God:
Gold:   61         SH:  0    Dex: 15    Spells: 3/7 levels left

rFire   . . .      SeeInvis +   (no weapon)
rCold   . . .      Faith    .   (no shield)
rNeg    . . .      Spirit   .   a - +0 robe
rPois   .          Reflect  .   (no helmet)
rElec   .          Harm     .   (no cloak)
rCorr   .          Rampage  .   f - +0 pair of gloves
Will    .....                   (no boots)
Stlth   ++........              (no amulet)
HPRegen 0.05/turn               d - ring of see invisible
MPRegen 0.11/turn               (no ring)

@: very slightly contaminated
A: no striking features
a: no special abilities


You were on level 2 of the Dungeon.
You visited 1 branch of the dungeon, and saw 2 of its levels.

You collected 61 gold pieces.

Inventory:

Armour
 a - a +0 robe (worn)
 f - a +0 pair of gloves (worn)
 h - a +0 buckler
Jewellery
 d - a ring of see invisible (left hand)
Scrolls
 i - a scroll of fog {unknown}
 j - a scroll of enchant weapon {unknown}
 k - a scroll of identify {unknown}
 l - a scroll of teleportation {unknown}
Potions
 c - a potion of heal wounds {unknown}
 e - 2 potions of mutation {unknown}
 g - 2 potions of might {unknown}


   Skills:
 + Level 2.8 Dodging
 - Level 2.4 Stealth
 + Level 3.2 Spellcasting
 + Level 1.5 Conjurations
 + Level 0.6 Hexes
 * Level 3.4 Air Magic


You had 3 spell levels left.
You knew the following spells:

 Your Spells              Type           Power      Damage    Failure   Level
a - Shock                 Conj/Air       48%        1d6       5%          1
b - Static Discharge      Conj/Air       12%        N/A       9%          2
c - Slow                  Hex            20%        N/A       12%         1

Your spell library contained the following spells:

 Spells                   Type           Power      Damage    Failure   Level
 Swiftness                Air            16%        N/A       11%         3
 Animate Skeleton         Necr           6%         N/A       16%         1
 Pain                     Necr           12%        1d4       16%         1
 Confusing Touch          Hex            5%         N/A       34%         3
 Vampiric Draining        Necr           3%         2d6       41%         3
 Airstrike                Air            8%         N/A       36%         4


Dungeon Overview and Level Annotations

Branches:
Dungeon (2/15)

Altars:

Shops:
D:1 ?

Annotations:
D:2 Natasha


Message History

Confirm with . or Enter, or press ? or * to list all spells.
Aiming: Shock (safe; 5% risk of failure)
Press: ? - help, Shift-Dir - straight line, f/p - Natasha
Aim: Natasha (lightly wounded, 60% to hit)
The zap misses Natasha.
Casting: Shock (safe; 5% risk of failure)
Confirm with . or Enter, or press ? or * to list all spells.
You don't have enough magic to cast this spell.
Casting: Shock (safe; 5% risk of failure)
Confirm with . or Enter, or press ? or * to list all spells.
You don't know that spell.
Casting: Shock (safe; 5% risk of failure)
Confirm with . or Enter, or press ? or * to list all spells.
Aiming: Slow (safe; 12% risk of failure)
Press: ? - help, Shift-Dir - straight line, f/p - Natasha
Aim: Natasha (lightly wounded, chance to affect: 40%) Natasha seems to slow down.
Natasha howls an incantation.
Natasha glows brightly for a moment.
Natasha claws you!
Ouch! That really hurt!
Magic courses through your body. Natasha claws you but does no damage.
Casting: Slow (safe; 12% risk of failure)
Confirm with . or Enter, or press ? or * to list all spells.
Natasha is struck by an arc of lightning.
Natasha is moderately wounded.
You are struck by an arc of lightning.
* * * LOW HITPOINT WARNING * * *
The lightning grounds out.
Casting: Static Discharge (safe; 9% risk of failure)
Confirm with . or Enter, or press ? or * to list all spells.
Natasha is struck by an arc of lightning.
Natasha is heavily wounded.
The lightning grounds out.
Natasha closely misses you.
Casting: Static Discharge (safe; 9% risk of failure)
Confirm with . or Enter, or press ? or * to list all spells.
You miscast Static Discharge.
You are very lightly contaminated with residual magic.
Nothing appears to happen.
Natasha claws you.
You die...

#...............#
#####.#####.....#
##.######..######. ###
##...# #......... #.##
##.##.# #<######..
##.###.###.###.###
....#.## #.#.....# ..
####.## #.#.###.###....
# ### #...# #@h..)... #
#...###.####...
##########..#....####..
........[..###........#
#########.## ##.#####.#
##.###.## ##.#.## ##.##
#.#


You could see Natasha (slow).

Vanquished Creatures
  A ball python (D:2)
  An endoplasm (D:2)
  2 giant cockroaches (D:2)
  3 goblins
  3 kobolds (D:1)
  A quokka (D:1)
  6 bats
  A frilled lizard (D:1)
  A rat (D:2)
19 creatures vanquished.

Notes
Turn   | Place    | Note
-------+----------+-------------------------------------------
     0 | D:1      | stormannn the Deep Elf Air Elementalist began the quest for
                  | the Orb.
     0 | D:1      | Reached XP level 1. HP: 10/10 MP: 6/6
   203 | D:1      | Found a faded altar of an unknown god.
   495 | D:1      | Found Besm's Magic Scroll Boutique.
   549 | D:1      | Reached XP level 2. HP: 15/15 MP: 5/8
   608 | D:1      | Learned a level 2 spell: Static Discharge
   610 | D:1      | Learned a level 1 spell: Slow
  1200 | D:2      | Noticed Natasha
  1209 | D:2      | Slain by Natasha

Illustrated notes

Levels and vault maps discovered:
D:1:      sevenhm_arrival_forest_fort_small_4, layout_loops_cross,
          hellmonk_ecumenical_altar_run_dry, serial_shops,
          nicolae_shop_behind_doors, grunt_decor_cap, kennysheep_crisscross
D:2:      layout_loops_ring, nrook_loot_triangle, uniq_natasha

Action                   || total
-------------------------++-------
 Cast: Shock             ||    33
       Static Discharge  ||     3
       Slow              ||     1
  Use: Potion            ||     1
Armor: Robe              ||     2
Dodge: Dodged            ||     3

Table legend: (Time is in decaauts)
 A = Elapsed time spent in this place.
 B = Non-inter-level travel time spent in this place.
 C = Inter-level travel time spent in this place.
 D = Time resting spent in this place.
 E = Time spent auto-exploring this place.
 F = Levels seen in this place.
 G = Mean time per level.
                   A        B        C        D        E       F      G
               +--------+--------+--------+--------+--------+-----+--------+
         Total |   1208 |   1192 |     16 |    428 |    645 |   2 |  604.0 |
       Dungeon |   1208 |   1192 |     16 |    428 |    645 |   2 |  604.0 |
               +--------+--------+--------+--------+--------+-----+--------+

Top non-repeatable levels by time:
     D:1: 943 daAuts
     D:2: 264 daAuts
